 Dungeon Crawl Stone Soup version 0.31-a0-879-g1609e0ac53 (webtiles) character file.

Game seed: 977508477325337464

156256 Flugkiller the Wrestler (level 17, -5/127 HPs)
             Began as an Octopode Shapeshifter on Oct 14, 2023.
             Was an Elder of Wu Jian.
             Killed by the air
             ... invoked by a wind drake
              (25 damage)
             ... on level 4 of the Shoals.
             The game lasted 00:39:48 (24122 turns).

Flugkiller the Wrestler (Octopode Shapeshifter)    Turns: 24122, Time: 00:39:48

Health: -5/127     AC:  1    Str: 24    XL:     17   Next: 67%
Magic:  17/17      EV: 29    Int: 31    God:    Wu Jian [****..]
Gold:   2098       SH:  9    Dex: 21    Spells: 16/16 levels left

rFire   . .          .
                       - Unarmed
rCold   . . .        H - +3 warlock's mirror {omnireflect}
rNeg    . . .        (helmet currently unavailable)
rPois   .            g - amulet of regeneration
rElec   .            l - +6 ring of intelligence
rCorr   .            i - ring of see invisible
SInv    +            m - +6 ring of intelligence
Will    +....        E - +6 ring of dexterity
Stlth   ++++         v - +5 ring of evasion
HPRegen 1.21/turn    f - ring "Hadukh" {rC+ Str+2}
MPRegen 0.15/turn    O - ring of Wiyf {rC- Str+5 Int+6 Stlth+}
                     (no ring)

%: reflection
@: exhausted, beast-form, studying Conjurations
A: beast (slay +4), almost no armour, amphibious, 8 rings, camouflage 1,
gelatinous body 1, (nimble swimmer 1), tentacles
a: Begin Untransformation, Renounce Religion, Wall Jump, Serpent's Lash


You were on level 4 of the Shoals.
You worshipped Wu Jian.
Wu Jian was greatly pleased with you.
You were a hulking beast.
You visited 6 branches of the dungeon, and saw 28 of its levels.
You visited 1 bazaar.
You also visited: Ice Cave and Volcano.

You collected 2276 gold pieces.
You spent 178 gold pieces at shops.

Inventory:

Missiles
 G - 5 throwing nets
 L - 12 curare-tipped darts (quivered)
Armour
 H - the +3 warlock's mirror (worn) {omnireflect}
   (You acquired it on level 3 of the Dungeon)

   Omnireflect: It can block and reflect piercing ranged attacks and magical
   attacks against the wielder's willpower.
Jewellery
 f - the ring "Hadukh" (on tentacle) {rC+ Str+2}
   (You acquired it on level 10 of the Dungeon)

   [ring of protection from cold]

   Str+2:     It affects your strength (+2).
   rC+:       It protects you from cold.
 g - an amulet of regeneration (around mantle)
   (You found it on level 1 of the Dungeon)
 i - a ring of see invisible (right tentacle)
   (You found it on level 2 of the Dungeon)
 l - a +6 ring of intelligence (left tentacle)
   (You found it on level 1 of the Dungeon)
 m - a +6 ring of intelligence (on tentacle)
   (You found it on level 3 of the Dungeon)
 v - a +5 ring of evasion (on tentacle)
   (You found it on level 8 of the Dungeon)
 E - a +6 ring of dexterity (on tentacle)
   (You found it on level 6 of the Dungeon)
 O - the ring of Wiyf (on tentacle) {rC- Str+5 Int+6 Stlth+}
   (You found it on level 1 of the Lair of Beasts)

   [ring of intelligence]

   Str+5:     It affects your strength (+5).
   Int+6:     It affects your intelligence (+6).
   rC-:       It makes you vulnerable to cold.
   Stlth+:    It makes you more stealthy.
Talismans
 b - a beast talisman (active)
 c - a flux talisman
 J - a blade talisman
   (You found it on level 3 of the Dungeon)
 R - a granite talisman
   (You took it off Roxanne on level 2 of the Shoals)
Wands
 y - a wand of polymorph (7)
   (You found it on level 8 of the Dungeon)
 B - a wand of flame (41)
   (You found it on level 4 of the Lair of Beasts)
 K - a wand of charming (15)
   (You found it on level 11 of the Dungeon)
 T - a wand of mindburst (7)
   (You found it on level 2 of the Shoals)
 U - a wand of roots (8)
   (You found it on level 12 of the Dungeon)
Scrolls
 j - 2 scrolls of poison
 s - 6 scrolls of vulnerability
 t - 13 scrolls of teleportation
 u - 5 scrolls of immolation
 z - 3 scrolls of blinking
 D - 2 scrolls of butterflies
 F - 3 scrolls of fear
 M - a scroll of revelation
 P - 2 scrolls of fog
 Q - a scroll of torment
Potions
 a - 9 potions of lignification
 d - 4 potions of might
 e - 3 potions of cancellation
 h - a potion of haste
 k - 2 potions of magic
 n - 3 potions of resistance
 o - 4 potions of attraction
 p - 4 potions of mutation
 q - 7 potions of curing
 w - 9 potions of heal wounds
 x - 3 potions of invisibility
 A - 4 potions of enlightenment
 C - 2 potions of berserk rage
 I - 8 potions of brilliance
 N - 3 potions of ambrosia
Miscellaneous
 S - a phial of floods
   (You found it on level 15 of the Dungeon)


   Skills:
 - Level 15.0 Fighting
 - Level 15.0 Dodging
 - Level 5.0 Shields
 - Level 21.7 Unarmed Combat
 + Level 11.3 Shapeshifting


You had 16 spell levels left.
You didn't know any spells.
Your spell library contained the following spells:

 Spells                   Type           Power      Damage    Failure   Level
 Slow                     Hex            0%         N/A       11%         1
 Summon Small Mammal      Summ           0%         N/A       11%         1
 Call Canine Familiar     Summ           0%         N/A       32%         3
 Confusing Touch          Hex            0%         N/A       32%         3
 Dazzling Flash           Conj/Hex       0%         N/A       32%         3
 Sigil of Binding         Hex            0%         N/A       32%         3
 Summon Guardian Golem    Hex/Summ       0%         N/A       32%         3
 Vampiric Draining        Necr           0%         2d6       32%         3
 Brom's Barrelling Bould  Conj/Erth      0%         2d3       71%         4
 Summon Ice Beast         Ice/Summ       0%         N/A       71%         4
 Agony                    Necr           0%         N/A       96%         5
 Fireball                 Conj/Fire      0%         3d3       96%         5
 Iskenderun's Battlesphe  Conj           0%         2d6       96%         5
 Silence                  Hex/Air        0%         N/A       96%         5
 Summon Mana Viper        Hex/Summ       0%         N/A       96%         5
 Conjure Ball Lightning   Conj/Air       0%         3x3d6     100%        6
 Monstrous Menagerie      Summ           0%         N/A       100%        7
 Orb of Destruction       Conj           0%         9d5       100%        7
 Spellforged Servitor     Conj/Summ      0%         N/A       100%        7


Dungeon Overview and Level Annotations

Branches:
Dungeon (15/15) Zot: 25765  Temple (1/1) D:6 Zot: 5950    Lair (5/5) D:10 Zot: 25368
 Shoals (4/4) Lair:2 Zot: 21152  Spider (1/4) Lair:2 Zot: 5020   Slime (0/5) Lair:4
    Orc (2/2) D:12 Zot: 11048     Elf (0/3) Orc:2        Vaults (0/5) D:13
 Depths (0/4) D:15          IceCv (visited)         Volcano (visited)

Altars:
Ashenzari
Cheibriados
Dithmenos
Elyvilon
Fedhas
Gozag
Hepliaklqana
Kikubaaqudgha
Makhleb
Nemelex Xobeh
Okawaru
Qazlal
Ru
Sif Muna
Trog
Uskayaw
Vehumet
Wu Jian
Xom
Yredelemnul
Zin
The Shining One
Jiyva

Shops:
D:1 (   D:15 *:(:   Orc:2 [(([*

Portals:
Abyss: D:13

Annotations:
D:3 1 runed translucent door, Syrassil's ghost, amateur FoMo
D:4 3 runed translucent doors, Karim's ghost, novice GnDe
D:8 Psyche
D:9 exclusion: two-headed ogre
D:10 exclusion: two-headed ogre
D:13 2 transporters, protoss039's ghost, journeyman DsEE
Orc:1 1 runed translucent door


Innate Abilities, Weirdness & Mutations

You are a hulking beast.
Your limbs bulge with bestial killing power. (Slay +4)
You cannot wear most types of armour.
You are amphibious.
You can wear up to eight rings at the same time.
Your skin changes colour to match your surroundings (Stealth+).
Your rubbery body absorbs attacks. (AC +1, EV +1)
((You are camouflaged when in or above water. (Stealth+)))
You have tentacles for arms and can constrict up to eight enemies at once.


Message History

You constrict the merfolk avatar.
The drowned soul returns to the deep!
The merfolk avatar chants its luring song.
You bludgeon the merfolk avatar!
You squeeze the merfolk avatar, but do no damage.
The merfolk avatar is heavily wounded.
You constrict the merfolk avatar. You batter the merfolk avatar!!
You squeeze the merfolk avatar!!
You break out of your daze!
You kill the merfolk avatar!
The Council accepts your kill.
The drowned soul returns to the deep!
No target in view!
You enter the shallow water.
No target in view!
Found a helmet.
You enter the shallow water.
Found a scroll of amnesia.
You enter the shallow water.
A harpy comes into view.
A harpy comes into view.
A harpy comes into view.
Unknown command.
Found a stone staircase leading up.
A wind drake comes into view.
You enter the shallow water.
You lunge at the harpy.
The helpless harpy fails to defend itself.
You batter the harpy!! You grab the harpy. You squeeze the harpy!
You kill the harpy!
The Council accepts your kill. The harpy completely misses you.
The harpy closely misses you. The harpy completely misses you.
You block the harpy's attack.
You completely miss the harpy. You grab the harpy. You squeeze the harpy!
The harpy is moderately wounded.
You constrict the harpy. You block the harpy's attack.
The harpy closely misses you. The harpy claws you.
The harpy completely misses you.
You tentacle-slap the harpy. You squeeze the harpy!
The harpy is severely wounded.
You constrict the harpy. The harpy completely misses you.
You block the harpy's attack.
You tentacle-slap the harpy. x2
You kill the harpy!
The Council accepts your kill.
The helpless harpy fails to defend itself.
You thrash the harpy!!!!
You kill the harpy!
The Council accepts your kill.
No target in view!
No target in view!
No target in view!
No target in view!
No target in view!
No target in view!
No target in view!
No target in view!
No target in view!
No target in view!
No target in view!
No target in view!
A wind drake is nearby!
Unknown command.
A snapping turtle comes into view.
The wind drake flaps its wings at you. The air twists around and strikes you!!
A water nymph comes into view.
The wind drake flaps its wings at you. The air twists around and strikes you!!
The wind drake exhales a fierce blast of wind!
You are knocked back by the gust of wind.
Floosh!
The water nymph moves out of view.
The snapping turtle hisses angrily.
The wind drake flaps its wings at you. The air twists around and strikes you!
The wind drake flaps its wings at you. The air twists around and strikes you!
The wind drake flaps its wings at you. The air twists around and strikes you!!
You enter the shallow water.
You enter the shallow water.
The wind drake flaps its wings at you. The air twists around and strikes you!!
* * * LOW HITPOINT WARNING * * *
You enter the shallow water.
The wind drake exhales a fierce blast of wind!
You are knocked back by the gust of wind.
You slam into the rock wall!
* * * LOW HITPOINT WARNING * * *
Your muscles tense, ready for explosive movement...
You enter the shallow water.
Your supernatural speed expires.
You spin and attack the wind drake repeatedly.
You tentacle-slap the wind drake but do no damage.
You squeeze the wind drake!
The wind drake is lightly wounded.
You barely miss the wind drake. You tentacle-slap the wind drake!!
The wind drake is heavily wounded.
The wind drake flaps its wings at you. The air twists around and strikes you!!
You die...

≈≈≈≈≈≈≈≈~~~.......~~~~~###
.≈≈≈≈≈≈≈~~~.....~~~k~~~~~#
..≈≈≈≈≈≈≈≈≈~.##~#~~#~~~~~#
#~~≈≈≈≈≈≈~~~~#######~~~~~~
#~~~~~≈~~~~~## ###~~~~
#.~~~~~~~~~~# ##~~~?
##~~~~~~~...# #~~~~~ #~~~~~~~.~~#
##~~~~ #~~~~~~.hk## # #~~~~~
#~~~~~~~...## .≈m ##~~~~
..~~~~~....○## #~.#~k~~~ #
##.<.~........○# #.~~~PP ~~
................### #.~~PPP
~~~~~~~..~~............ ...~~~PPP
~~~~~~~~.~~..............t~~~~~P~
~~~~~~~~~~~~.............~~~~~~~~
~~≈≈~~~~~~~~~............~~###~~#


You could see a wind drake (repels missiles, catching breath).

Vanquished Creatures
  A kraken (Shoals:2)
  Kirke (Shoals:1)
  Frances (Shoals:1)
  Agnes (D:14)
  Donald (Orc:2)
  Roxanne (Shoals:2)
  Ilsuiw (Shoals:2)
  A reaper (IceCv)
  A red draconian (Volcano)
  2 ettins
  A merfolk impaler (Shoals:1)
  2 merfolk javelineers
  An entropy weaver (Orc:2)
  7 hydras
  An ogre mage (Volcano)
  A rakshasa (D:14)
  A catoblepas (Lair:1)
  5 centaur warriors
  A merfolk aquamancer (Shoals:2)
  An alligator snapping turtle (Shoals:4)
  5 merfolk avatars
  A boulder beetle (D:13)
  5 two-headed ogres (Volcano)
  A tengu warrior (D:15)
  3 demonic crawlers (Spider:1)
  An orc high priest (Orc:1)
  A hell knight (D:15)
  Amaemon (Lair:1)
  5 skysharks
  10 sea snakes
  9 skeletal warriors
  A sun moth (Spider:1)
  2 orb spiders
  A deep troll (D:15)
  A deep elf archer (D:13)
  Pikel (D:8)
  A deep elf zephyrmancer (D:13)
  2 orc knights
  27 harpies
  3 steelbarb worms (Spider:1)
  4 deep elf pyromancers
  A lindwurm (Lair:4)
  13 manticores
  12 ugly things
  5 orc sorcerers
  8 cyclopes
  A wolf spider (Spider:1)
  5 fauns
  A molten gargoyle (Volcano)
  4 merfolk sirens (Shoals:2)
  2 ice statues (IceCv)
  A water nymph (Shoals:4)
  32 elephants
  A black mamba (Lair:4)
  2 torpor snails
  A gargoyle (D:12)
  10 cane toads
  An unseen horror (D:7)
  An orange demon (Lair:1)
  2 efreet
  4 centaur skeletons (D:13)
  A kobold demonologist (D:13)
  3 rime drakes
  A freezing wraith (D:15)
  5 ice devils (IceCv)
  An anaconda simulacrum (IceCv)
  7 komodo dragons
  3 tengu conjurers
  3 harpy zombies (Shoals:3)
  6 polar bears
  3 meliai (D:13)
  5 wind drakes
  18 merfolk
  9 trolls
  4 tarantellas (Spider:1)
  A meliai (shapeshifter) (D:13)
  5 hornets
  7 blink frogs
  29 dream sheep
  9 slime creatures
  2 jumping spiders (Spider:1)
  5 snapping turtles
  Sigmund (D:6)
  13 spriggans (Lair:5)
  4 wraiths
  3 culicivoras (Spider:1)
  2 shadows (D:11)
  2 vampires
  A dire elephant simulacrum (IceCv)
  5 fire bats (Volcano)
  35 yaks
  Grum (D:8)
  3 wyverns
  4 basilisks
  4 water elementals
  A steam dragon (D:8)
  3 redbacks (Spider:1)
  3 death yak simulacra
  2 vampire mosquitoes (D:14)
  A warg (Orc:1)
  5 acid dragons
  16 water moccasins
  2 hydra simulacra (IceCv)
  Duvessa (D:4)
  36 orc warriors
  6 black bears
  2 ice beasts (D:6)
  2 manticore zombies (Shoals:3)
  33 wolves
  4 boggarts (Lair:5)
  9 ogres
  13 centaurs
  2 phantoms (D:5)
  3 lemures (D:8)
  7 kobold brigands
  12 bullfrogs
  A cane toad simulacrum (IceCv)
  5 gnoll sergeants (D:12)
  3 two-headed ogre simulacra (IceCv)
  A scorpion (D:6)
  4 wights (D:8)
  Dowan (D:4)
  2 elephant simulacra
  15 killer bees
  5 howler monkeys
  5 lava snakes (Volcano)
  2 jellies
  2 gnoll boudas
  15 orc priests
  7 hounds
  5 iguanas
  2 sleepcaps
  30 orc wizards
  2 polar bear simulacra
  2 troll simulacra (IceCv)
  2 spriggan simulacra (IceCv)
  A wolf simulacrum (IceCv)
  23 gnolls
  9 adders
  2 naga simulacra (IceCv)
  A shadow imp (D:8)
  A white imp (D:8)
  5 ufetubi
  A worm (D:2)
  2 dart slugs
  80 orcs
  8 ball pythons
  6 bats
  3 endoplasms
  5 giant cockroaches
  13 goblins
  6 hobgoblins
  10 jackals
  4 quokkas
  4 frilled lizards
  29 kobolds
  10 rats
  4 tentacles (Shoals:2)
930 creatures vanquished.

Vanquished Creatures (others)
  A human (Shoals:1)
  An orc wizard (Orc:2)
  6 tentacles (Shoals:2)
8 creatures vanquished.

Grand Total: 938 creatures vanquished

Notes
Turn   | Place    | Note
-------+----------+-------------------------------------------
     0 | D:1      | Flugkiller the Octopode Shapeshifter began the quest for
                  | the Orb.
     0 | D:1      | Reached XP level 1. HP: 13/13 MP: 1/1
   180 | D:1      | Reached XP level 2. HP: 18/18 MP: 2/2
   320 | D:1      | Found Xupaaz Yfea's Weapon Shoppe.
   516 | D:1      | Reached skill level 4 in Unarmed Combat
   606 | D:1      | Reached XP level 3. HP: 23/23 MP: 3/3
  1446 | D:3      | Identified 2 scrolls of acquirement
  1446 | D:3      | Acquired the +3 warlock's mirror {omnireflect}
  1446 | D:3      | Found the +3 warlock's mirror {omnireflect}
  1457 | D:3      | Reached XP level 4. HP: 28/28 MP: 4/4
  1478 | D:3      | Found a radiant altar of Vehumet.
  1635 | D:3      | Found a runed translucent door.
  1660 | D:3      | Reached skill level 5 in Unarmed Combat
  1693 | D:3      | Noticed a bullfrog
  1754 | D:3      | Noticed Syrassil's ghost (amateur FoMo)
  1827 | D:3      | Reached XP level 5. HP: 33/33 MP: 5/5
  1853 | D:3      | Reached skill level 6 in Unarmed Combat
  2045 | D:3      | Found a bloodstained altar of Trog.
  2364 | D:4      | Reached XP level 6. HP: 38/38 MP: 6/6
  2753 | D:4      | Reached skill level 7 in Unarmed Combat
  2847 | D:4      | Found a shadowy altar of Dithmenos.
  2879 | D:4      | Found a runed translucent gate.
  2879 | D:4      | Found a runed translucent gate.
  2879 | D:4      | Found a runed translucent gate.
  2880 | D:4      | Noticed Karim's ghost (novice GnDe)
  2906 | D:4      | Noticed Duvessa
  2906 | D:4      | Noticed Dowan
  2914 | D:4      | Killed Duvessa
  2915 | D:4      | Reached XP level 7. HP: 33/43 MP: 7/7
  2918 | D:4      | Killed Dowan
  2919 | D:4      | Reached skill level 8 in Unarmed Combat
  3201 | D:5      | Entered Level 5 of the Dungeon
  3367 | D:5      | Reached skill level 9 in Unarmed Combat
  3387 | D:5      | Found a sparkling altar of Nemelex Xobeh.
  3495 | D:5      | Reached XP level 8. HP: 35/48 MP: 8/8
  3772 | D:5      | Reached skill level 10 in Unarmed Combat
  3845 | D:5      | Reached skill level 1 in Shields
  4477 | D:6      | Found a staircase to the Ecumenical Temple.
  4540 | D:6      | Reached XP level 9. HP: 23/55 MP: 9/9
  4544 | Temple   | Entered the Ecumenical Temple
  4581 | Temple   | Became a worshipper of the Wu Jian Council
  4734 | D:6      | Noticed Sigmund
  4739 | D:6      | Killed Sigmund
  5326 | D:7      | Noticed an unseen horror
  5338 | D:7      | Killed an unseen horror
  5339 | D:7      | Reached skill level 5 in Shapeshifting
  5432 | D:7      | Reached * piety under Wu Jian
  5435 | D:7      | Reached skill level 5 in Dodging
  5550 | D:7      | Noticed a cyclops
  5557 | D:7      | Killed a cyclops
  5558 | D:7      | Reached skill level 5 in Fighting
  5558 | D:7      | Reached XP level 10. HP: 66/66 MP: 10/10
  5607 | D:8      | Noticed Grum
  5616 | D:8      | Reached skill level 5 in Shields
  5630 | D:8      | Killed Grum
  5847 | D:8      | Noticed Pikel
  5968 | D:8      | Reached ** piety under Wu Jian
  6253 | D:8      | Noticed Psyche
  6485 | D:8      | Killed Pikel
  7013 | D:9      | Reached *** piety under Wu Jian
  7181 | D:9      | Noticed a two-headed ogre
  7278 | D:9      | Reached XP level 11. HP: 72/73 MP: 11/11
  7282 | D:9      | Identified the +6 short sword "Kapiwir" {venom, rF+ rN+
                  | Str+3 Dex-5}
  7534 | D:10     | Entered Level 10 of the Dungeon
  7541 | D:10     | Acquired the ring "Hadukh" {rC+ Str+2}
  7648 | D:10     | Found a staircase to the Lair.
  7698 | D:10     | Noticed a two-headed ogre
  8819 | D:11     | Reached skill level 11 in Unarmed Combat
  8845 | D:11     | Found Zin's Purification Station.
  8845 | D:11     | Found a glowing silver altar of Zin.
  8850 | D:11     | Bought a potion of curing for 90 gold pieces
  8982 | D:11     | Noticed a cyclops
  8993 | D:11     | Killed a cyclops
  9203 | D:12     | Noticed a manticore
  9261 | D:12     | Killed a manticore
  9341 | D:12     | Noticed a white ugly thing
  9348 | D:12     | Killed a white ugly thing
  9386 | D:12     | Found a staircase to the Orcish Mines.
  9402 | D:12     | Reached **** piety under Wu Jian
  9435 | D:12     | Reached skill level 10 in Dodging
  9445 | D:12     | Reached XP level 12. HP: 59/82 MP: 12/12
  9557 | D:12     | Reached skill level 12 in Unarmed Combat
 10210 | Lair:1   | Entered Level 1 of the Lair of Beasts
 10242 | Lair:1   | Noticed a catoblepas
 10452 | Lair:1   | Noticed Amaemon
 10467 | Lair:1   | Reached skill level 13 in Unarmed Combat
 10476 | Lair:1   | Killed Amaemon
 10578 | Lair:1   | Killed a catoblepas
 10755 | Lair:1   | Identified the ring of Wiyf {rC- Str+5 Int+6 Stlth+}
 11016 | Lair:2   | Found a snail-covered altar of Cheibriados.
 11055 | Lair:2   | Found a hole to the Spider Nest.
 11221 | Lair:2   | Found a staircase to the Shoals.
 11735 | Lair:3   | Reached skill level 14 in Unarmed Combat
 11735 | Lair:3   | Reached XP level 13. HP: 88/88 MP: 13/13
 11757 | Lair:2   | Acquired a manual of Fighting
 11925 | Lair:3   | Reached skill level 15 in Unarmed Combat
 12251 | Lair:4   | Found a viscous altar of Jiyva.
 12251 | Lair:4   | Found a staircase to the Slime Pits.
 12344 | Lair:4   | Found a frozen archway.
 12369 | IceCv    | Entered an ice cave
 12450 | IceCv    | Reached skill level 10 in Fighting
 12524 | IceCv    | Reached ***** piety under Wu Jian
 12804 | IceCv    | Noticed a reaper
 12816 | IceCv    | Killed a reaper
 13247 | Lair:4   | Reached skill level 15 in Fighting
 13247 | Lair:4   | Reached XP level 14. HP: 89/110 MP: 14/14
 13815 | Lair:5   | Entered Level 5 of the Lair of Beasts
 14316 | Lair:5   | Acquired the +0 hat of Resonance {Int+5}
 14362 | Lair:5   | Reached skill level 16 in Unarmed Combat
 14587 | Lair:5   | Paralysed by a hornet for 3 turns
 15477 | D:13     | Reached XP level 15. HP: 116/116 MP: 15/15
 15536 | D:13     | Found a flickering gateway to a bazaar.
 15596 | Bazaar   | Entered a bazaar
 15610 | Bazaar   | Found Tuitoime's Antique Armour Emporium.
 15626 | Bazaar   | Found Xetha's Armour Emporium.
 15642 | Bazaar   | Found Feuc's Book Emporium.
 15774 | D:13     | Found a gate to the Vaults.
 15973 | D:13     | Reached skill level 17 in Unarmed Combat
 16011 | D:13     | Found a transporter.
 16034 | D:13     | Noticed protoss039's ghost (journeyman DsEE)
 16205 | D:13     | Found a transporter.
 16217 | D:13     | Found a one-way gate to the infinite horrors of the Abyss.
 16800 | D:14     | Found a stormy altar of Qazlal.
 16809 | D:14     | Noticed Agnes
 16815 | D:14     | Killed Agnes
 16896 | D:14     | Reached skill level 15 in Dodging
 17397 | D:15     | Entered Level 15 of the Dungeon
 17592 | D:15     | Identified the +3 long sword of Exquisite Death {protect,
                  | Will- Str+10}
 17609 | D:15     | Found Juegheag's General Store.
 17616 | D:15     | Bought a potion of mutation for 88 gold pieces
 17706 | D:15     | Reached skill level 18 in Unarmed Combat
 17875 | D:15     | Found Ciewel's Antique Weapon Boutique.
 18086 | D:15     | Found Wauvynk's Book Shoppe.
 18132 | D:15     | Found a staircase to the Depths.
 18257 | D:15     | Found Dusacs's Book Shoppe.
 18535 | Orc:1    | Entered Level 1 of the Orcish Mines
 18564 | Orc:1    | Found a runed translucent door.
 18696 | Orc:2    | Entered Level 2 of the Orcish Mines
 18717 | Orc:2    | Reached skill level 19 in Unarmed Combat
 18724 | Orc:2    | Reached XP level 16. HP: 67/122 MP: 16/16
 18751 | Orc:2    | Found Qocvu's Antique Weapon Emporium.
 18751 | Orc:2    | Found Icoxuoff's Armour Shop.
 18753 | Orc:2    | Found Xijic's Assorted Antiques.
 18754 | Orc:2    | Found Vigeiluxto's Antique Weapon Shoppe.
 18835 | Orc:1    | Found a dark tunnel.
 18852 | Volcano  | Entered a volcano
 19036 | Volcano  | Found a radiant altar of Vehumet.
 19509 | Orc:2    | Noticed Donald
 19519 | Orc:2    | Found a staircase to the Elven Halls.
 19527 | Orc:2    | Noticed Sonja
 19528 | Orc:2    | Killed Donald
 19528 | Orc:2    | Reached skill level 20 in Unarmed Combat
 19528 | Orc:2    | Sonja changed into Sonja the entropy weaver
 19528 | Orc:2    | Noticed Sonja
 19537 | Orc:2    | Killed Sonja the entropy weaver
 19586 | Orc:2    | Found Kesanom's Armour Boutique.
 20089 | Spider:1 | Entered Level 1 of the Spider Nest
 21117 | Shoals:1 | Entered Level 1 of the Shoals
 21147 | Shoals:1 | Noticed Frances
 21194 | Shoals:1 | Killed Frances
 21393 | Shoals:1 | Noticed Kirke
 21402 | Shoals:1 | Killed Kirke
 21446 | Shoals:1 | Reached skill level 21 in Unarmed Combat
 22413 | Shoals:2 | Noticed Roxanne
 22432 | Shoals:2 | Killed Roxanne
 22446 | Shoals:2 | Reached XP level 17. HP: 127/127 MP: 17/17
 22526 | Shoals:2 | Noticed Ilsuiw
 22539 | Shoals:2 | Killed Ilsuiw
 22635 | Shoals:2 | Noticed a kraken
 22918 | Shoals:2 | Killed a kraken
 23258 | Shoals:3 | Reached skill level 10 in Shapeshifting
 23872 | Shoals:4 | Entered Level 4 of the Shoals
 24122 | Shoals:4 | Killed from afar by a wind drake

Illustrated notes

Levels and vault maps discovered:
D:1:      dpeg_arrival_water_fire, layout_basic, serial_shops,
          nicolae_shop_trees
D:2:      layout_basic, lexackson_kobold_supper
D:3:      cheibrodos_old_hovel, layout_basic, lemuel_doored_altar,
          amcnicky_altar_gilded, ebering_ghost_sewer_d,
          corexii_item_surrounded_by_moat
D:4:      layout_loops_ring, mainiacjoe_overflow_surrounded_room,
          gammafunk_ghost_nasty_kobolds, minmay_misc_feat_tiny, uniq_duvessa
D:5:      layout_loops_corners, nemelex_diamond_rough_becter, st_stairs_10,
          minmay_manual_mares
D:6:      layout_rooms, minmay_temple_entry_stoned_glass, minmay_diced_spiral,
          uniq_sigmund
D:7:      layout_rooms, small_statue_intersection
D:8:      layout_gridville, uniq_pikel, uniq_psyche, uniq_grum
D:9:      layout_loops_ring, grunt_ministairs_8, evilmike_butchery
D:10:     layout_roguey, lair_entry_dummy
D:11:     layout_stronghold, zin_purify
D:12:     layout_irregular_city, kennysheep_orc_monster_closet_entryway
D:13:     layout_long_grid, hangedman_vaults_entry_quadrant_bands,
          gammafunk_ghost_abyssal_escape, serial_shops, bzr_entry_water
D:14:     layout_gridville, nicolae_qazlal_scattered_showers, uniq_agnes
D:15:     hangedman_depths_entry_civil_slaughter, layout_loops_ring,
          nicolae_concentric_dashed_squares_mild, serial_shops,
          nicolae_shop_real_fake_doors, shop, shop, shop
Temple:   compressed_dpeg_circular_temple
Lair:1:   layout_chaotic_city, lemuel_fruit_tree, grunt_megastairs_2,
          uniq_amaemon
Lair:2:   layout_regular_city, shoals_dummy_entry,
          nicolae_spider_entry_orb_guardian, kennysheep_snail_temple
Lair:3:   layout_big_grid
Lair:4:   layout_regular_city, dpeg_slime_entry_corner,
          portal_ice_cave_entry_ice_simulacra
Lair:5:   minmay_lair_end_enchanted_forest, layout_small_grid
Shoals:1: layout_shoals, nicolae_shoals_land_atoll, uniq_kirke, uniq_frances
Shoals:2: layout_shoals, uniq_roxanne, uniq_ilsuiw
Shoals:3: layout_shoals, nicolae_shoals_stone_sculpture_thing,
          nicolae_shoals_undead_eyrie
Shoals:4: shoals_end_grunt_ice, layout_shoals, uniq_mara, uniq_polyphemus
Spider:1: layout_chambers
Orc:1:    layout_caves, nicolae_volcano_entry_lava_flow, lightli_church_of_beogh
Orc:2:    st_orc_rangers, layout_caves, serial_shops, shop, abandoned_shop,
          uniq_sonja, uniq_donald

Skill      XL: |  1  2  3  4  5  6  7  8  9 10 11 12 13 14 15 16 17 |
---------------+----------------------------------------------------+-----
Unarmed Combat | 4 5 6 7 9 10 11 14 15 16 19 21 | 21.7
Shields        | 2 4 5 |  5.0
Fighting       | 2 5 6 8 15 | 15.0
Dodging        | 3 5 8 10 12 14 15 | 15.0
Shapeshifting  | 5 7 11 | 11.3

Action                     |  1- 3 |  4- 6 |  7- 9 | 10-12 | 13-15 | 16-18 || total
---------------------------+-------+-------+-------+-------+-------+-------++-------
  Melee: Unarmed           |    81 |    93 |   185 |   572 |   892 |   577 ||  2400
         Constrict         |    27 |    27 |    45 |    96 |   124 |   133 ||   452
         Tentacles         |    17 |    28 |    53 |   175 |   269 |   164 ||   706
         Punch             |     6 |     8 |    20 |    60 |   123 |    96 ||   313
  Throw: Dart              |       |       |       |       |     4 |     2 ||     6
 Invoke: Serpent's Lash    |       |       |       |     6 |    19 |    18 ||    43
         Heavenly Storm    |       |       |       |       |     2 |     1 ||     3
Ability: Lunge             |       |       |    13 |    49 |    69 |    70 ||   201
         Whirlwind         |       |       |       |    31 |   186 |   143 ||   360
  Evoke: Wand              |       |       |       |     1 |     1 |     2 ||     4
    Use: Scroll            |     2 |       |     8 |    18 |     6 |     1 ||    35
         Potion            |       |       |       |     4 |     2 |       ||     6
   Stab: Sleeping          |    12 |     9 |     4 |    12 |    21 |    15 ||    73
         Distracted        |       |       |     2 |     3 |     3 |     3 ||    11
 Armour: Skin              |    29 |    21 |    75 |   134 |   212 |   119 ||   590
  Dodge: Dodged            |    44 |    30 |    74 |   295 |   541 |   287 ||  1271
  Block: Buckler           |       |    33 |    60 |   183 |   304 |   181 ||   761
         Reflection        |       |     3 |     5 |    11 |     5 |    38 ||    62

Table legend: (Time is in decaauts)
 A = Elapsed time spent in this place.
 B = Non-inter-level travel time spent in this place.
 C = Inter-level travel time spent in this place.
 D = Time resting spent in this place.
 E = Time spent auto-exploring this place.
 F = Levels seen in this place.
 G = Mean time per level.
                   A        B        C        D        E       F      G
               +--------+--------+--------+--------+--------+-----+--------+
         Total |  23794 |  22193 |   1601 |   2728 |  13797 |  31 |  767.5 |
       Dungeon |  13322 |  12425 |    897 |   1469 |   8104 |  15 |  888.1 |
        Temple |     49 |     27 |     22 |     25 |      0 |   1 |   49.0 |
          Lair |   4631 |   4205 |    426 |    550 |   2480 |   5 |  926.2 |
        Shoals |   2846 |   2720 |    126 |    430 |   1633 |   4 |  711.5 |
   Spider Nest |    979 |    908 |     71 |     14 |    778 |   1 |  979.0 |
  Orcish Mines |    951 |    894 |     57 |      0 |    625 |   2 |  475.5 |
        Bazaar |     68 |     68 |      0 |      0 |     57 |   1 |   68.0 |
      Ice Cave |    515 |    515 |      0 |    121 |     85 |   1 |  515.0 |
       Volcano |    427 |    427 |      0 |    118 |     35 |   1 |  427.0 |
               +--------+--------+--------+--------+--------+-----+--------+

Top non-repeatable levels by time:
     D:5: 1235 daAuts
  Lair:5: 1177 daAuts
  Lair:4: 1161 daAuts
     D:8: 1143 daAuts
  Lair:2: 1122 daAuts
    D:12: 1060 daAuts
    D:14: 1044 daAuts
    D:13: 1024 daAuts
    D:11: 1003 daAuts
Spider:1: 979 daAuts
Shoals:1: 974 daAuts
     D:9: 954 daAuts
    D:15: 926 daAuts
Shoals:2: 918 daAuts
     D:3: 909 daAuts
